 Dungeon Crawl Stone Soup version 0.17-a0-1920-gafa4d75 (webtiles) character file.

23 Armakuni the Skirmisher (level 2, -1/24 HPs)
             Began as a Mummy Abyssal Knight on Sept 27, 2015.
             Was a Follower of Lugonu.
             Slain by a hobgoblin
             ... wielding a cursed -3 club
              (2 damage)
             ... on level 1 of the Dungeon.
             The game lasted 00:02:47 (621 turns).

Armakuni the Skirmisher (Mummy Abyssal Knight)       Turns: 621, Time: 00:02:47

Health: -1/24      AC:  3    Str: 15    XL:     2   Next: 75%
Magic:  3/3        EV: 11    Int: 11    God:    Lugonu [*.....]
Gold:   49         SH:  0    Dex: 11    Spells: 0 memorised, 1 level left

rFire  x . .     SeeInvis .     a - +1 mace
rCold  + . .     Clarity  .     b - +0 leather armour
rNeg   + + +     SustAt   .     (no shield)
rPois  ∞         Gourm    .     (no helmet)
rElec  .         Spirit   .     (no cloak)
rCorr  .         Warding  .     (no gloves)
rMut   .         Stasis   .     (no boots)
MR     .....                    (no amulet)
Stlth  +.........               (no ring)
                                (no ring)

@: not resistant to hostile enchantments, very unstealthy
A: no food or potions, fire vulnerability, cold resistance 1, negative energy
resistance 3, torment resistance, unbreathing
a: Depart the Abyss, Renounce Religion


You were on level 1 of the Dungeon.
You worshipped Lugonu.
Lugonu was aware of your devotion.
You were not hungry.

You visited 1 branch of the dungeon, and saw 1 of its levels.
You visited the Abyss 1 time.

You collected 49 gold pieces.

Inventory:

Hand weapons
 a - a +1 mace (weapon)
Missiles
 c - 4 tomahawks (quivered)
Armour
 b - a +0 leather armour (worn)
Jewellery
 Z - an uncursed amulet of stasis
Scrolls
 e - a scroll of noise


   Skills:
 - Level 3.0 Fighting
 + Level 2.0 Maces & Flails
 + Level 2.3 Armour
 - Level 0.7 Dodging
 - Level 1.5 Invocations


You had one spell level left.
You didn't know any spells.

Dungeon Overview and Level Annotations

Branches:
Dungeon (1/15)

Altars:


Innate Abilities, Weirdness & Mutations

You do not eat or drink.
Your flesh is vulnerable to fire.
You are immune to poison.
Your flesh is cold resistant.
You are immune to negative energy.
You are immune to unholy pain and torment.
You can survive without breathing.


Message History

As you read the scroll labeled MUUHYFAURCH, it crumbles to dust.
It is a scroll of identify.
Identify which item? (\ to view known items) (? for menu, Esc to quit)
e - a scroll of noise The giant gecko bites you.
* * * LOW HITPOINT WARNING * * *
The hobgoblin hits you but does no damage.
Read which item? (? for menu, Esc to quit)
As you read the scroll labeled LUSHEM FEMA, it crumbles to dust.
The creatures around you are filled with an inner flame!
It was a scroll of immolation.
The giant gecko misses you.
The hobgoblin hits you but does no damage.
The giant gecko barely misses you.
Read which item? (? for menu, Esc to quit)
As you read the scroll labeled BYTTUSTITY, it crumbles to dust.
You feel aware of your surroundings.
It was a scroll of magic mapping.
The giant gecko bites you.
* * * LOW HITPOINT WARNING * * *
The hobgoblin hits you with a club.
You die...

#.#.##### #.# #.
##.#.....###.# #(
###...###...##.##############(
#............#.##......!....#.
#.#...###....#.##.#########..#
#.##.## ##.#...##.# ####
#.##.# ###.#.####.# *****
#.##.# #....g####.## *,,,*
#.##.###.##.#@##.#.######.#**
#!##.....#.###l†###.......#
#.######.##.#h##.#.########
#.# #..............# #.#
###.#.####.###.# *** #†#
#.#.###......#*****,,
#.########.#.##..h.......,,,,*
#............##...⌠....##**,,*
##########.####........#*,,,,,


You could see a giant gecko (inner flame) and a hobgoblin (inner flame).

Vanquished Creatures
  An ooze (D:1)
  A giant gecko (D:1)
  2 hobgoblins (D:1)
  3 jackals (D:1)
  A bat (D:1)
  5 goblins (D:1)
  3 kobolds (D:1)
  2 rats (D:1)
18 creatures vanquished.

Notes
Turn   | Place    | Note
--------------------------------------------------------------
     0 | Abyss:1  | Armakuni the Mummy Abyssal Knight began the quest for the Orb.
     0 | Abyss:1  | Reached XP level 1. HP: 18/18 MP: 2/2
    68 | Abyss:1  | Noticed a tentacled starspawn
    72 | D:1      | Escaped the Abyss
   274 | D:1      | Reached XP level 2. HP: 24/24 MP: 3/3
   336 | D:1      | Acquired Lugonu's first power
   621 | D:1      | HP: 1/24 [giant gecko (5)]
   621 | D:1      | Slain by a hobgoblin

Vault maps used:
D:1:      dpeg_arrival_solitude, solitary_fountain

Action                   || total
-------------------------++-------
Melee: Mace              ||    56
Throw: Tomahawk          ||    18
Invok: Depart the Abyss  ||     1
  Use: Scroll            ||     3
